 Dungeon Crawl Stone Soup version 0.18-a0-846-g91b95b1 (webtiles) character file.

42 M4edhros the Charlatan (level 3, -9/23 HPs)
             Began as an Octopode Artificer on Dec 20, 2015.
             Killed from afar by Sigmund (11 damage)
             ... with a puff of flame
             ... on level 2 of the Dungeon.
             The game lasted 00:01:53 (1361 turns).

M4edhros the Charlatan (Octopode Artificer)         Turns: 1361, Time: 00:01:53

Health: -9/23      AC:  1    Str: 10    XL:     3   Next: 54%
Magic:  5/5        EV: 13    Int: 15    God:
Gold:   16         SH:  0    Dex: 12    Spells: 0 memorised, 2 levels left

rFire  . . .     SeeInvis .     a - +0 short sword
rCold  . . .     Gourm    .     (no shield)
rNeg   . . .     Faith    .     (helmet restricted)
rPois  .         Spirit   .     (no amulet)
rElec  .         Dismiss  .     (no ring)
rCorr  .         Reflect  .     (no ring)
SustAt .         Harm     .     (no ring)
MR     .....                    (no ring)
Stlth  +++.......               (no ring)
                                (no ring)
                                (no ring)
                                (no ring)

@: not resistant to hostile enchantments, fairly stealthy
A: almost no armour, amphibious, 8 rings, constrict 8, camouflage 1, gelatinous
body 1
a: no special abilities


You were on level 2 of the Dungeon.
You were not hungry.

You visited 1 branch of the dungeon, and saw 3 of its levels.

You collected 16 gold pieces.

Inventory:

Hand Weapons
 a - a +0 short sword (weapon)
Missiles
 g - 41 stones (quivered)
Wands
 b - a wand of flame (9/48)
 c - a wand of enslavement (15/24)
 d - a wand of random effects (14/48)
Scrolls
 e - a scroll of recharging {unknown}
 h - a scroll of blinking {unknown}
Comestibles
 f - a bread ration


   Skills:
 - Level 1.0 Fighting
 - Level 1.0 Short Blades
 * Level 2.8 Dodging
 * Level 3.1 Stealth
 + Level 3.6 Evocations


You had 2 spell levels left.
You didn't know any spells.

Dungeon Overview and Level Annotations

Branches:
Dungeon (3/15)

Altars:
Okawaru

Annotations:
D:2 Sigmund


Innate Abilities, Weirdness & Mutations

You cannot wear most types of armour.
You are amphibious.
You can wear up to eight rings at the same time.
You can use your tentacles to constrict eight enemies at once.
Your skin changes colour to match your surroundings (Stealth).
Your rubbery body absorbs attacks (AC +1).


Message History

Zapping:
b - a wand of flame (12/48)
Press: ? - help, Shift-Dir - straight line, f/p - Sigmund
Aim: Sigmund, wielding a scythe and wearing a robe (almost dead, fast, heavily drained)
The puff of flame misses Sigmund.
This wand has 11 charges left.
Sigmund closely misses you.
Evoke which item? (* to show all) (? for menu, Esc to quit)
Zapping:
b - a wand of flame (11/48)
Press: ? - help, Shift-Dir - straight line, f/p - Sigmund
Aim: Sigmund, wielding a scythe and wearing a robe (almost dead, fast, heavily drained)
The puff of flame misses Sigmund.
This wand has 10 charges left.
Sigmund hits you from afar with a scythe.
* * * LOW HITPOINT WARNING * * *
Evoke which item? (* to show all) (? for menu, Esc to quit)
Zapping:
b - a wand of flame (10/48)
Press: ? - help, Shift-Dir - straight line, f/p - Sigmund
Aim: Sigmund, wielding a scythe and wearing a robe (almost dead, fast, heavily drained)
The puff of flame misses Sigmund.
This wand has 9 charges left.
Sigmund casts a spell at you. The puff of flame hits you!
You die...

#.#.### ### #.#.#..
..#.# #.#.#.# #.#.#
#...#.# #.#.# ##..#.#
#.#.# #..#.# #.#.# #
#..#.######.#@#
#####........##.#.#
##.<............@.#
##.##.##.##.#.#.#####
##.##.##.###..#.[...#
##.##.##.#
#.....#...#
......##........##
...#
...#.#######.......
... ##.#.#
#..#.).).#.. ##.#.#
#.##.._..# .
##.#.#######..#.).).#


You could see Sigmund.

Vanquished Creatures
  2 adders (D:2)
  3 bats
  2 giant cockroaches
  3 goblins
  3 hobgoblins
  A quokka (D:2)
  2 ball pythons
  3 giant newts (D:1)
  2 kobolds
  2 rats
23 creatures vanquished.

Notes
Turn   | Place    | Note
--------------------------------------------------------------
     0 | D:1      | M4edhros the Octopode Artificer began the quest for the Orb.
     0 | D:1      | Reached XP level 1. HP: 13/13 MP: 3/3
   532 | D:1      | Reached XP level 2. HP: 16/18 MP: 4/4
   671 | D:2      | Found an iron altar of Okawaru.
   919 | D:2      | Reached XP level 3. HP: 11/23 MP: 5/5
  1352 | D:2      | Noticed Sigmund
  1361 | D:2      | Killed from afar by Sigmund

Vault maps used:
D:1:      roderic_octagonal_star, minmay_rat_gold_closets
D:2:      kennysheep_big_flooded_room, okawaru_ov_weapons_minmay, uniq_sigmund
D:3:      uniq_terence, uniq_grinder

Action                   || total
-------------------------++-------
Melee: Short sword       ||    55
Evoke: Wand              ||     7
 Stab: Sleeping          ||     5
  Eat: Chunk             ||     1
